 Dungeon Crawl Stone Soup version 0.26-a0-597-gb535b0901c (webtiles) character file.

Game seed: 6186174358995223715

(classic levelgen) 62 EnegeticOcto the Shield-Bearer (level 3, 19/34 HPs)
             Began as a Deep Dwarf Fighter on Sept 8, 2020.
             Quit the game in the Ecumenical Temple.
             The game lasted 00:00:36 (547 turns).

EnegeticOcto the Shield-Bearer (Deep Dwarf Fighter)  Turns: 547, Time: 00:00:37

Health: 19/34      AC:  7    Str: 20    XL:     3   Next: 85%
Magic:  3/3        EV:  7    Int:  8    God:
Gold:   40         SH:  9    Dex: 12    Spells: 2/2 levels left

rFire    . . .     SeeInvis .   a - +0 war axe
rCold    . . .     Faith    .   c - +0 kite shield
rNeg     . . .     Spirit   .   b - +0 scale mail
rPois    .         Reflect  .   (no helmet)
rElec    .         Harm     .   (no cloak)
rCorr    .                      (no gloves)
MR       .....                  (no boots)
Stlth    ..........             e - amulet of inaccuracy (curse)
HPRegen  0.00/turn              (no ring)
MPRegen  0.08/turn              (no ring)

@: non-regenerating, very slow
A: damage resistance, heal wounds, sense surroundings 1, no regeneration
a: Heal Wounds


You were in the Ecumenical Temple.
You visited 2 branches of the dungeon, and saw 5 of its levels.

You collected 40 gold pieces.

Inventory:

Hand Weapons
 a - a +0 war axe (weapon)
Armour
 b - a +0 scale mail (worn)
 c - a +0 kite shield (worn)
Jewellery
 e - a cursed amulet of inaccuracy (around neck)
Scrolls
 f - 2 scrolls of identify {unknown}
 h - a scroll of magic mapping {unknown}
Potions
 d - a potion of might {@q3}
 g - a potion of mutation {unknown}


   Skills:
 + Level 3.1 Fighting
 * Level 3.3 Axes
 + Level 3.7 Armour
 + Level 3.8 Shields


You had 2 spell levels left.
You didn't know any spells.
Your spell library was empty.

Dungeon Overview and Level Annotations

Branches:
Dungeon (4/15)             Temple (1/1) D:4

Altars:
Ashenzari
Kikubaaqudgha
Okawaru
Qazlal
Trog
Vehumet
Wu Jian
Xom
Zin


Innate Abilities, Weirdness & Mutations

You are resistant to damage.
You can heal yourself by infusing magical energy.
You passively map a small area around you.
You do not regenerate.


Message History

No target in view!
No target in view!
No target in view!
No target in view!
No target in view!
No target in view!
No target in view!
No target in view!
No target in view!
No target in view!
No target in view!
No target in view!
An orc and a skeleton come into view.
The orc shouts!
The orc moves out of view.
An orc comes into view. It is wielding a +1 dagger of venom.
The orc shouts!
An orc comes into view. It is wielding a +0 club.
The orc shouts!
An orc comes into view. It is wielding a +0 flail.
There is a staircase to the Ecumenical Temple here.
You climb downwards.
Welcome to the Ecumenical Temple!
Found a radiant altar of Vehumet and an iron altar of Okawaru.
There is a staircase back to the Dungeon here.
No target in view!
No target in view!
No target in view!
No target in view!
No target in view!
No target in view!
No target in view!
No target in view!
No target in view!
No target in view!
No target in view!
You enter the shallow water.
Moving in this stuff is going to be slow.
Found a glowing silver altar of Zin.
There is a radiant altar of Vehumet here.
You enter the shallow water.
Moving in this stuff is going to be slow.
There is a radiant altar of Vehumet here.
Found a stormy altar of Qazlal.
Found two altars.
You enter the shallow water.
Moving in this stuff is going to be slow.
Found a bloodstained altar of Trog and an ancient bone altar of Kikubaaqudgha.
You enter the shallow water.
Moving in this stuff is going to be slow.
There is a shattered altar of Ashenzari here.
Found a shimmering altar of Xom.
You enter the shallow water.
Moving in this stuff is going to be slow.
There is an ancient bone altar of Kikubaaqudgha here.
You enter the shallow water.
Moving in this stuff is going to be slow.
You enter the shallow water.
Moving in this stuff is going to be slow.
There is a bloodstained altar of Trog here.
There is an ornate altar of the Wu Jian Council here.
You enter the shallow water.
Moving in this stuff is going to be slow.
You enter the shallow water.
Moving in this stuff is going to be slow.
There is an iron altar of Okawaru here.
You enter the shallow water.
Moving in this stuff is going to be slow.
There is a staircase back to the Dungeon here.
You enter the shallow water.
Moving in this stuff is going to be slow.
You enter the shallow water.
Moving in this stuff is going to be slow.
There is a radiant altar of Vehumet here.
You enter the shallow water.
Moving in this stuff is going to be slow.
You enter the shallow water.
Moving in this stuff is going to be slow.
You enter the shallow water.
Moving in this stuff is going to be slow.
There is an ancient bone altar of Kikubaaqudgha here.
You enter the shallow water.
Moving in this stuff is going to be slow.
You enter the shallow water.
Moving in this stuff is going to be slow.
There is a shimmering altar of Xom here.
You enter the shallow water.
Moving in this stuff is going to be slow.
You enter the shallow water.
Moving in this stuff is going to be slow.
You enter the shallow water.
Moving in this stuff is going to be slow.
You enter the shallow water.
Moving in this stuff is going to be slow.
Partly explored, can't reach some places.
Partly explored, can't reach some places.
Partly explored, can't reach some places.
Search for what [? for help]? mak Can't find anything matching that.
Unknown command.
Are you sure you want to abandon this character and quit the game? (Confirm with "yes".)

≈≈≈≈≈≈≈≈≈..≈.≈≈...≈≈≈≈≈≈≈≈
≈
≈≈≈≈≈≈≈≈≈..≈≈≈...≈≈≈≈≈≈≈≈≈
≈≈≈≈≈≈≈≈≈≈≈.≈≈≈≈.≈≈≈≈≈≈≈≈≈
≈≈≈≈≈≈≈≈≈#_..≈≈≈.#≈≈≈≈≈≈≈≈
≈≈≈≈≈≈≈≈≈#..≈≈...≈≈≈≈≈≈≈≈≈
≈≈≈≈≈≈≈≈≈≈..≈≈≈.8.≈≈≈≈≈≈≈≈
≈≈≈≈≈≈≈≈≈##≈≈≈##≈≈≈≈≈≈≈≈≈≈
≈
≈≈≈≈≈≈≈≈≈≈≈≈≈≈≈≈≈≈≈≈≈≈≈≈≈≈
≈≈≈≈≈≈≈≈≈@≈≈≈≈≈≈≈≈≈≈≈≈≈≈≈≈
≈≈≈≈≈≈≈≈≈≈≈≈≈≈≈≈≈≈≈≈≈≈≈≈≈≈
≈≈≈≈≈≈≈≈≈≈≈≈≈≈≈≈≈≈≈≈≈≈≈≈≈
≈≈≈≈≈≈≈≈≈≈≈≈≈≈≈≈≈≈≈≈≈≈≈≈≈
≈≈≈≈≈≈≈≈≈≈≈≈≈≈≈≈≈≈≈≈≈≈≈≈≈
≈≈≈≈≈≈≈≈≈≈≈≈≈≈≈≈≈≈≈≈≈≈≈≈ ≈
≈≈≈≈≈≈≈≈≈≈≈≈≈≈≈≈≈≈≈≈≈≈≈≈≈
≈≈ ≈≈≈≈≈≈≈≈≈≈≈≈≈≈≈≈≈ ≈ ≈ ≈


There were no monsters in sight!

Vanquished Creatures
  An orc wizard (D:3)
  A leopard gecko (D:1)
  2 orcs (D:3)
  3 giant cockroaches
  4 hobgoblins (D:1)
  3 jackals (D:2)
  5 bats
  2 frilled lizards
  2 goblins
  5 kobolds
28 creatures vanquished.

Notes
Turn   | Place    | Note
-------+----------+-------------------------------------------
     0 | D:1      | EnegeticOcto the Deep Dwarf Fighter began the quest for the
                  | Orb.
     0 | D:1      | Reached XP level 1. HP: 20/20 MP: 1/1
    96 | D:1      | Reached XP level 2. HP: 27/27 MP: 2/2
   269 | D:3      | Reached XP level 3. HP: 22/33 MP: 3/3
   379 | D:4      | Found a staircase to the Ecumenical Temple.
   390 | Temple   | Entered the Ecumenical Temple
   547 | Temple   | Quit the game

Illustrated notes

Levels and vault maps discovered:
D:1:      saegor_arrival_simple_a, layout_loops_ring, minmay_tromino_mix6
D:2:      kennysheep_big_flooded_room, layout_loops_ring,
          nemelex_xobeh_ov_fountains_minmay, overflow_temple_1_default,
          kennysheep_generic_room_3
D:3:      layout_loops_ring, yredelemnul_forgotten_temple_becter,
          cheibriados_altar_1, old_standard_altar, kennysheep_generic_room_10,
          uniq_robin
D:4:      layout_basic, elyvilon_altar_3, minmay_temple_entry_ruins
Temple:   chequers_temple_sunken

Skill      XL: |  1  2  3 |
---------------+----------+-----
Axes           | 3 |  3.3
Fighting       | 3 |  3.1
Armour         | |  3.7
Shields        | |  3.8

Action                   || total
-------------------------++-------
Melee: War axe           ||    97
Armor: Scale mail        ||    57
Dodge: Dodged            ||    34
Block: Kite shield       ||    64

Table legend: (Time is in decaauts)
 A = Elapsed time spent in this place.
 B = Non-inter-level travel time spent in this place.
 C = Inter-level travel time spent in this place.
 D = Time resting spent in this place.
 E = Time spent auto-exploring this place.
 F = Levels seen in this place.
 G = Mean time per level.
                   A        B        C        D        E       F      G
               +--------+--------+--------+--------+--------+-----+--------+
         Total |    630 |    595 |     35 |      0 |    376 |   5 |  126.0 |
       Dungeon |    430 |    395 |     35 |      0 |    177 |   4 |  107.5 |
        Temple |    199 |    199 |      0 |      0 |    199 |   1 |  199.0 |
               +--------+--------+--------+--------+--------+-----+--------+

Top non-repeatable levels by time:
  Temple: 199 daAuts
     D:1: 183 daAuts
     D:2: 103 daAuts
     D:4: 78 daAuts
     D:3: 65 daAuts
